 Dungeon Crawl Stone Soup version 0.32-a0-918-g0f22ef8d61 (webtiles) character file.

Game seed: 8603748071550877889

821490 Alarak the Conqueror (level 27, -15/249 HPs)
             Began as a Barachi Hunter on Apr 5, 2024.
             Was the Champion of Cheibriados.
             Succumbed to poison (dark miasma)
             ... on level 4 of Tartarus on Apr 10, 2024.
             The game lasted 06:34:18 (68838 turns).

Alarak the Conqueror (Barachi Hunter)              Turns: 68838, Time: 06:34:22

Health: -15/249    AC: 32    Str: 31    XL:     27
Magic:  28/53      EV: 41    Int: 28    God:    Cheibriados [******]
Gold:   5315       SH: 15    Dex: 39    Spells: 57/79 levels left

rFire   + . .        v - +9 hand cannon (freeze)
rCold   . . .        T - +3 warlock's mirror {omnireflect}
rNeg    + + .        p - quicksilver dragon scales
rPois   .            y - +2 helmet {SInv}
rElec   +            b - +2 cloak {Will+}
rCorr   .            X - +2 pair of gloves
SInv    +            h - +2 pair of boots {Stlth+}
Will    ++...        x - amulet of regeneration
Stlth   +++          a - ring "Cuvvump" {rElec rN+ EV+5 Int+3}
HPRegen 1.41/turn    l - ring "Vyumer" {rF+ rN+ Int-2 Slay+4}
MPRegen 0.33/turn

%: reflection
@: lethally poisoned (-15 -> -71), on vortex cooldown, slowed, weak-willed, very
slow
A: amphibious, slowness 1, strong legs 2, +LOS, mutation resistance 1
}: 6/15 runes: serpentine, barnacled, slimy, silver, obsidian, abyssal
a: Hop, Renounce Religion, Bend Time, Temporal Distortion, Slouch, Step From
Time


You were on level 4 of Tartarus.
You worshipped Cheibriados.
Cheibriados was exalted by your worship.
You visited 15 branches of the dungeon, and saw 67 of its levels.
You visited the Abyss 1 time.
You visited 1 bazaar.
You also visited: Ice Cave.

You collected 8801 gold pieces.
You spent 3486 gold pieces at shops.

Inventory:

Hand Weapons
 g - the +6 arbalest "Damnation" {damnation}
   (You acquired it on level 1 of the Elven Halls)
 v - a +9 hand cannon of freezing (weapon)
Armour
 b - a +2 cloak of willpower (worn)
 h - a +2 pair of boots of stealth (worn)
 n - the +10 ring mail of Wrong Decisions {rF+ Will- Regen+ Int+4}
   (You found it on level 2 of the Realm of Zot)

   Int+4:     It affects your intelligence (+4).
   rF+:       It protects you from fire.
   Will-:     It decreases your willpower.
   Regen+:    It increases your rate of health regeneration.
 o - a scarf of harm
 p - quicksilver dragon scales (worn)
 t - a +2 tower shield of reflection
 y - a +2 helmet of see invisible (worn)
 T - the +3 warlock's mirror (worn) {omnireflect}
   (You found it on level 3 of the Abyss)

   Omnireflect: It can block and reflect piercing ranged attacks and magical
   attacks against the wielder's willpower.
 X - a +2 pair of gloves (worn)
Jewellery
 a - the ring "Cuvvump" (left hand) {rElec rN+ EV+5 Int+3}
   (You found it on level 1 of the Depths)

   [ring of evasion]

   EV+5:      It affects your evasion (+5).
   Int+3:     It affects your intelligence (+3).
   rElec:     It insulates you from electricity.
   rN+:       It protects you from negative energy.
 c - the ring "Koatimni" {rC+ MP+9 Int+2 Slay+2}
   (You found it on level 3 of the Shoals)

   [ring of magical power]

   Int+2:     It affects your intelligence (+2).
   Slay+2:    It affects your accuracy & damage with ranged weapons and melee
   (+2).
   rC+:       It protects you from cold.
   MP+9:      It affects your magic capacity (+9).
 l - the ring "Vyumer" (right hand) {rF+ rN+ Int-2 Slay+4}
   (You found it on level 5 of the Vaults)

   [ring of slaying]

   Int-2:     It affects your intelligence (-2).
   Slay+4:    It affects your accuracy & damage with ranged weapons and melee
   (+4).
   rF+:       It protects you from fire.
   rN+:       It protects you from negative energy.
 x - an amulet of regeneration (around neck)
 C - the ring "Jelih" {EV+5 Int+3 Slay+2}
   (You found it on level 4 of the Shoals)

   [ring of evasion]

   EV+5:      It affects your evasion (+5).
   Int+3:     It affects your intelligence (+3).
   Slay+2:    It affects your accuracy & damage with ranged weapons and melee
   (+2).
Wands
 A - a wand of digging (23)
 F - a wand of warping (68)
 H - a wand of light (66)
 Q - a wand of paralysis (49)
 V - a wand of polymorph (48)
 Y - a wand of mindburst (36)
Scrolls
 d - 9 scrolls of summoning
 j - 9 scrolls of fog
 m - 4 scrolls of enchant weapon
 B - 22 scrolls of teleportation
 D - 9 scrolls of blinking
 E - 7 scrolls of revelation
 J - 10 scrolls of fear
 L - 7 scrolls of immolation
 M - 14 scrolls of poison
 N - 7 scrolls of enchant armour
 O - 5 scrolls of silence
 R - a scroll of amnesia
Potions
 e - 4 potions of resistance
 f - 15 potions of might
 i - 9 potions of magic
 k - 16 potions of ambrosia
 q - 7 potions of enlightenment
 s - 4 potions of invisibility
 u - 24 potions of curing
 w - 12 potions of mutation
 G - 8 potions of brilliance
 I - 5 potions of heal wounds
 S - 3 potions of cancellation
Miscellaneous
 r - a condenser vane
 z - a lightning rod (4/4)
 K - a Gell's gravitambourine (2/2)
 P - the horn of Geryon
 U - a box of beasts
 Z - a phantom mirror


   Skills:
 O Level 27 Fighting
 - Level 21.0 Ranged Weapons
 - Level 20.0 Armour
 - Level 18.1 Dodging
 - Level 0.8 Stealth
 + Level 19.5 Shields
 - Level 26.9 Spellcasting
 - Level 4.0 Hexes
 - Level 7.0 Translocations
 O Level 27 Ice Magic
 - Level 16.0 Invocations
 - Level 18.0 Evocations


You had 57 spell levels left.
You knew the following spells:

 Your Spells              Type           Power      Damage    Failure   Level
a - Slow                  Hex            100%       N/A       1%          1
b - Ozocubu's Armour      Ice            100%       N/A       0%          3
c - Ozocubu's Refrigerat  Ice            56%        4d19      0%          7
d - Blink                 Tloc           100%       N/A       1%          2
e - Polar Vortex          Ice            56%        12d7*     1%          9

Your spell library contained the following spells:

 Spells                   Type           Power      Damage    Failure   Level
 Freeze                   Ice            100%       1d10      0%          1
 Ensorcelled Hibernation  Hex/Ice        100%       N/A       0%          2
 Frozen Ramparts          Ice            100%       1d16      0%          3
 Hailstorm                Conj/Ice       85%        3d14      0%          3
 Summon Ice Beast         Ice/Summ       85%        N/A       0%          3
 Apportation              Tloc           100%       N/A       1%          1
 Kiss of Death            Conj/Necr      100%       2d13      1%          1
 Magic Dart               Conj           100%       1d8       1%          1
 Sandblast                Erth           74%        2d16      1%          1
 Shock                    Conj/Air       100%       1d9       1%          1
 Sting                    Conj/Alch      100%       1d9       1%          1
 Call Imp                 Summ           74%        N/A       1%          2
 Cigotuvi's Dreadful Rot  Necr/Alch/Air  74%        N/A       1%          2
 Jinxbite                 Hex            100%       N/A       1%          2
 Mercury Vapours          Alch/Air       74%        N/A       1%          2
 Scorch                   Fire           74%        2d8       1%          2
 Searing Ray              Conj           74%        2d7       1%          2
 Static Discharge         Conj/Air       74%        3-7/arc   1%          2
 Sublimation of Blood     Necr           37%        N/A       1%          2
 Confusing Touch          Hex            57%        N/A       1%          3
 Inner Flame              Hex/Fire       49%        N/A       1%          3
 Sigil of Binding         Hex            57%        N/A       1%          3
 Tukima's Dance           Hex            57%        N/A       1%          3
 Volatile Blastmotes      Fire/Tloc      100%       2d18      1%          3
 Passage of Golubria      Tloc           67%        N/A       1%          4
 Vhi's Electric Charge    Tloc/Air       100%       N/A       1%          4
 Freezing Cloud           Conj/Ice/Air   36%        6-21      1%          5
 Metabolic Englaciation   Hex/Ice        45%        N/A       1%          5
 Permafrost Eruption      Ice/Erth       42%        2x4d10    1%          6
 Sculpt Simulacrum        Ice/Alch       42%        N/A       1%          6
 Fugue of the Fallen      Necr           37%        N/A       2%          3
 Mephitic Cloud           Conj/Alch/Air  37%        N/A       2%          3
 Passwall                 Erth           37%        N/A       2%          3
 Stone Arrow              Conj/Erth      74%        3d11      2%          3
 Swiftness                Air            37%        N/A       2%          3
 Vampiric Draining        Necr           37%        2d8       2%          3
 Anguish                  Hex/Necr       24%        N/A       3%          4
 Summon Forest            Summ/Tloc      27%        N/A       6%          5
 Airstrike                Air            18%        2d(3-19)  9%          4
 Animate Armour           Summ/Erth      74%        N/A       9%          4
 Animate Dead             Necr           37%        N/A       9%          4
 Brom's Barrelling Bould  Conj/Erth      37%        2d6       9%          4
 Dispel Undead            Necr           37%        3d15      9%          4
 Flame Wave               Conj/Fire      37%        2d10      9%          4
 Ignite Poison            Fire/Alch      37%        N/A       9%          4
 Leda's Liquefaction      Alch/Erth      18%        N/A       9%          4
 Martyr's Knell           Necr/Summ      37%        N/A       9%          4
 Olgreb's Toxic Radiance  Alch           37%        N/A       9%          4
 Petrify                  Alch/Erth      37%        N/A       9%          4
 Sticky Flame             Fire/Alch      37%        2d8       9%          4
 Summon Lightning Spire   Summ/Air       37%        N/A       9%          4
 Silence                  Hex/Air        24%        N/A       11%         5
 Summon Mana Viper        Hex/Summ       49%        N/A       11%         5
 Yara's Violent Unravell  Hex/Alch       24%        3d11      11%         5
 Alistair's Intoxication  Alch           24%        N/A       26%         5
 Borgnjor's Vile Clutch   Necr/Erth      18%        N/A       26%         5
 Fireball                 Conj/Fire      18%        3d9       26%         5
 Irradiate                Conj/Alch      18%        3d17      26%         5
 Iskenderun's Battlesphe  Conj           37%        2d9       26%         5
 Lee's Rapid Deconstruct  Erth           18%        3d11*     26%         5
 Manifold Assault         Tloc           33%        N/A       38%         7
 Bombard                  Conj/Erth      18%        9d4       80%         6
 Conjure Ball Lightning   Conj/Air       18%        3x3d6     80%         6
 Death Channel            Necr           18%        N/A       80%         6
 Eringya's Noxious Bog    Alch           18%        4d6       80%         6
 Starburst                Conj/Fire      18%        6d7       80%         6
 Summon Cactus Giant      Summ           18%        N/A       80%         6
 Disjunction              Tloc           33%        N/A       97%         8
 Haunt                    Necr/Summ      18%        N/A       100%        7
 Monstrous Menagerie      Summ           18%        N/A       100%        7
 Orb of Destruction       Conj           18%        9d8       100%        7
 Summon Hydra             Summ           18%        N/A       100%        7
 Borgnjor's Revivificati  Necr           18%        N/A       100%        8
 Ignition                 Fire           18%        3d7       100%        8
 Lehudib's Crystal Spear  Conj/Erth      18%        10d6      100%        8
 Death's Door             Necr           18%        N/A       100%        9


Dungeon Overview and Level Annotations

Branches:
Dungeon (15/15)            Temple (1/1) D:7            Lair (5/5) D:10
 Shoals (4/4) Lair:2        Snake (4/4) Lair:3        Slime (5/5) Lair:5
    Orc (2/2) D:12            Elf (3/3) Orc:2        Vaults (5/5) D:14
  Crypt (3/3) Vaults:2       Tomb (0/3) Crypt:3      Depths (4/4) D:15
   Hell (visited)             Dis (0/7) Hell            Geh (7/7) Hell
    Coc (0/7) Hell            Tar (4/7) Hell            Zot (4/5) Depths:4
  IceCv (visited)

Altars:
Ashenzari
Cheibriados
Dithmenos
Elyvilon
Fedhas
Gozag
Hepliaklqana
Kikubaaqudgha
Makhleb
Nemelex Xobeh
Okawaru
Qazlal
Ru
Sif Muna
Trog
Uskayaw
Vehumet
Wu Jian
Xom
Yredelemnul
Zin
The Shining One
Beogh
Jiyva
Lugonu

Shops:
D:1 (   D:13 :   Orc:1 *   Orc:2 ?*=[?   Elf:3 ?([   Snake:2 !*   Snake:3 =
Depths:2 :   Depths:4 *

Portals:
Hell: Depths:1 Depths:2 Depths:4
Abyss: Depths:1 Depths:4
Pandemonium: Depths:2
Ziggurat: Depths:4

Annotations:
D:8 4 transporters
Zot:2 3 runed translucent doors, Beclu's ghost, legendary GnSk


Innate Abilities, Weirdness & Mutations

You are amphibious.
You cover ground slowly.
You can hop long distances.
You have an extended range of vision and can be seen from far away.
You are somewhat resistant to further mutation.


Message History

Cheibriados appreciates the change of pace.
You kill the Tzitzimitl!
Cheibriados appreciates the change of pace.
You destroy the putrid mouth!
Cheibriados appreciates the change of pace.
You kill the tormentor!
Cheibriados thoroughly appreciates the change of pace.
Cheibriados appreciates the change of pace.
You feel a bit more experienced.
* * * LOW HITPOINT WARNING * * *
You feel extremely sick. The tainted leviathan hits you!!
* * * LOW HITPOINT WARNING * * *
You block the tainted leviathan's attack.
The tainted leviathan misses you.
You block the tainted leviathan's attack.
A putrid mouth comes into view.
You feel much better.
You are engulfed in dark miasma.
You are lethally poisoned!
* * * LOW HITPOINT WARNING * * *
You are no longer entranced.
You destroy the tainted leviathan!
Cheibriados appreciates the change of pace.
The infernal howling subsides.
* * * LOW HITPOINT WARNING * * *
You feel extremely sick.
Fire: v) +9 hand cannon (freeze)
Press: ? - help, Shift-Dir - straight line, f - putrid mouth
Aim: a putrid mouth (whirling frost, severely damaged, 79% to hit)
You shoot a slug. The slug hits the putrid mouth!!!
The slug freezes the putrid mouth!
You destroy the putrid mouth!
Cheibriados appreciates the change of pace.
You are engulfed in dark miasma.
You are more poisoned.
* * * LOW HITPOINT WARNING * * *
The winds around you start to calm down.
You float gracefully downwards.
You die...
Cheibriados appreciates the motionlessness of death.

#### §§§ ### §§#
#§§§##§##
..#§§§§§§§##§§#
...§§§§○@§§§§§#
.##§§####§#§§§.#
§°§ §... §§#§#
.. #§# §. §§ #..
#.. # .. .#.


There were no monsters in sight!

Vanquished Creatures
  the Royal Jelly (Slime:5)
  Asmodeus (Geh:7)
  4 dread liches
  7 ancient liches
  2 orbs of fire
  Mara (Snake:4)
  A juggernaut (Depths:4)
  3 royal mummies (Crypt:1)
  Sojobo (Crypt:3)
  Bai Suzhen (Crypt:2)
  3 curse toes
  Saint Roka (Vaults:5)
  Jory (Crypt:2)
  2 golden dragons
  Norris (Vaults:1)
  Geryon (Hell)
  4 profane servitors
  13 bone dragons
  the Enchantress (Depths:1)
  3 electric golems
  An iron giant (Hell)
  8 Brimstone Fiends
  A spectral shard shrike (Tar:3)
  9 doom hounds
  4 hellephants
  13 tentacled monstrosities
  4 Tzitzimimeh
  A shard shrike zombie (Abyss:3)
  12 liches
  Grunn (Vaults:2)
  Mlioglotl (Lair:3)
  5 tainted leviathans
  A shard shrike skeleton (Abyss:3)
  2 deep elf blademasters
  4 quicksilver dragons
  Polyphemus (Shoals:4)
  20 acid blobs
  Frances (Shoals:1)
  4 titans (Vaults:5)
  28 tentacled starspawn
  4 death cobs
  3 deep elf master archers (Elf:3)
  A walking divine tome (Depths:2)
  3 ancient champions
  18 searing wretches
  2 sphinxes
  The ghost of Gouluvih the Acrobat, an adept FeSh of Jiyva (Crypt:3)
  Gastronok (D:12)
  5 krakens (Shoals:3)
  An Executioner (Abyss:4)
  The ghost of MirrMurr the Basher, an adept OnWr of the Shining One (Shoals:4)
  Kirke (D:14)
  The ghost of Konar the Warrior, an adept CoHu of Hepliaklqana (Shoals:3)
  9 shadow dragons
  Agnes (D:14)
  6 nagarajas
  5 revenants
  8 tengu reavers
  Donald (Snake:3)
  Aizul (Elf:2)
  13 storm dragons
  2 emperor scorpions (Abyss:3)
  11 rockslimes
  3 draconian monks
  7 protean progenitors
  9 azure jellies
  11 deep elf sorcerers
  3 iron dragons
  A ghost moth (Zot:4)
  13 vault wardens
  A draconian knight (Depths:4)
  Louise (Elf:1)
  13 frost giants
  A draconian shifter (Zot:4)
  A spectral caustic shrike (Tar:3)
  15 fire giants
  29 balrugs
  6 curse skulls
  2 draconian scorchers
  4 deep elf elementalists
  12 ghouls
  An angel (Abyss:4)
  5 draconian stormcallers
  An orc warlord (Orc:2)
  4 cacodemons
  17 quicksilver oozes
  3 draconian annihilators (Zot:3)
  7 reapers
  A broodmother (Zot:3)
  10 formless jellyfish
  12 stone giants
  7 spriggan defenders
  36 very ugly things
  10 ironbound thunderhulks
  20 ironbound preservers
  An ophan (Abyss:4)
  7 green draconians
  8 deep elf death magi
  15 putrid mouths
  4 vampire knights
  10 black draconians
  3 lorocyprocas
  3 yellow draconians
  4 deep elf annihilators (Elf:3)
  10 white draconians
  A spectral titan (Tar:2)
  10 purple draconians
  7 dire elephants
  13 deep elf demonologists
  A bunyip (Abyss:3)
  7 red draconians
  A spark wasp (Depths:3)
  10 eidola
  The ghost of Larugibown the Arsonist, a journeyman MDFE of Makhleb (D:13)
  2 war gargoyles (Vaults:4)
  11 ettins
  15 merfolk impalers
  An iron golem (Hell)
  Josephine (Orc:2)
  2 green deaths (Abyss:4)
  2 blizzard demons
  4 crystal guardians
  2 mummy priests (Crypt:1)
  An acid blob zombie (Crypt:2)
  6 fire dragons
  2 quicksilver dragon zombies
  2 spectral iron giants
  6 jiangshi
  6 merfolk javelineers
  8 yaktaur captains
  Snorg (D:12)
  7 spectral spriggans
  16 great orbs of eyes
  5 ice dragons
  12 deep elf high priests
  A spectral fenstrider witch (Tar:1)
  28 vault guards
  4 spriggan zombies
  5 hydras
  An entropy weaver (shapeshifter) (Elf:1)
  4 peacekeepers
  A quicksilver dragon skeleton (Abyss:4)
  13 ironbound frosthearts
  13 salamander tyrants
  4 catoblepae
  5 rakshasas
  Erolcha (Orc:2)
  9 centaur warriors
  2 radroaches (Zot:1)
  A spectral stone giant (Tar:3)
  2 hell beasts
  11 anacondas
  7 spriggan air magi
  11 merfolk avatars
  6 ogre magi
  8 merfolk aquamancers
  6 boulder beetles
  33 dancing weapons
  An alligator snapping turtle (Shoals:3)
  8 stokers
  7 death knights
  3 tengu warriors
  A titan zombie (Hell)
  31 death yaks
  53 hell hogs
  3 demonic crawlers (Abyss:3)
  8 two-headed ogres
  2 orc high priests
  A death scarab (Abyss:3)
  9 vampire magi
  6 satyrs
  3 deep troll shamans (Depths:2)
  2 spectral storm dragons
  6 deep troll earth magi
  A shock serpent (shapeshifter) (Vaults:5)
  20 naga warriors
  9 spriggan berserkers
  An occultist (Depths:2)
  5 shock serpents
  15 naga sharpshooters
  Nergalle (Lair:2)
  An emperor scorpion zombie (Crypt:1)
  31 thrashing horrors
  34 wretched stars
  20 sun demons
  9 spriggans
  7 soul eaters
  15 hell knights
  14 deep elf knights
  11 sixfirhies
  18 shadow wraiths
  69 large abominations
  8 skysharks
  2 golden dragon zombies (Hell)
  2 anaconda zombies (Hell)
  14 sea snakes
  2 spark wasp zombies (Hell)
  A storm dragon skeleton (Vaults:4)
  8 deep elf archers
  2 salamander mystics (Snake:4)
  A shadow demon (Abyss:4)
  29 skeletal warriors
  52 deep trolls
  6 iron trolls
  5 spatial maelstroms
  2 spectral anacondas
  6 naga ritualists
  8 flayed ghosts
  An orb spider (shapeshifter) (Elf:1)
  12 mana vipers
  3 bog bodies
  2 shadow dragon zombies
  A steelbarb worm (Zot:1)
  8 glowing orange brains
  15 lindwurms
  An orange crystal statue (Elf:3)
  5 arcanists
  14 ironbound convokers
  2 harpies (shapeshifter)
  10 necromancers
  24 ugly things
  4 obsidian bats
  2 alligator zombies (Hell)
  A tengu zombie (Hell)
  13 orc knights
  18 harpies
  7 thermic dynamos
  29 phantasmal warriors
  2 iron dragon zombies
  81 starcursed masses
  2 stone giant zombies (Hell)
  2 oklob plants
  2 cyclopes (shapeshifter)
  22 deep elf pyromancers
  17 deep elf zephyrmancers
  2 frost giant zombies (Hell)
  A spectral centaur (Crypt:3)
  A manticore (shapeshifter) (Depths:4)
  12 orc sorcerers
  A shining eye (shapeshifter) (Elf:1)
  14 cyclopes
  An alligator skeleton (Hell)
  2 will-o-the-wisps
  23 manticores
  11 salamanders
  6 shining eyes
  16 fauns
  15 moths of wrath
  17 naga magi
  11 worldbinders
  A black mamba (shapeshifter) (Elf:1)
  A guardian serpent (shapeshifter) (Elf:1)
  34 black mambas
  3 meliai (D:14)
  An apocalypse crab (Abyss:3)
  6 guardian serpents
  29 smoke demons
  4 water nymphs
  6 eyes of devastation
  9 elephants
  20 vault sentinels
  2 centaur zombies (D:13)
  6 orange demons
  A frost giant skeleton (Vaults:3)
  15 merfolk sirens
  An eye of devastation (shapeshifter) (Elf:1)
  2 ice statues
  10 cane toads
  4 rust devils (Hell)
  10 molten gargoyles
  A dire elephant skeleton (Abyss:3)
  5 gargoyles
  A sea snake zombie (Hell)
  A yellow draconian zombie (Crypt:2)
  Jeremiah (D:6)
  A cane toad (shapeshifter) (Elf:3)
  An unseen horror (shapeshifter) (Depths:2)
  4 unseen horrors
  22 hellions
  23 yaktaurs
  5 efreet
  Maggie (D:6)
  3 kobold demonologists
  5 spectral nagas
  A komodo dragon (shapeshifter) (Elf:1)
  7 komodo dragons
  11 freezing wraiths
  Psyche (D:12)
  7 rime drakes
  A catoblepas skeleton (Crypt:3)
  A hydra zombie (Hell)
  An anaconda simulacrum (Hell)
  15 tormentors
  6 ice devils
  4 silent spectres
  A grey draconian skeleton (Crypt:1)
  53 merfolk
  A harpy zombie (Abyss:3)
  3 spectral harpies
  A queen bee (shapeshifter) (D:15)
  9 wind drakes
  13 ancient zymes
  A tyrant leech (Zot:1)
  8 trolls
  11 polar bears
  11 hornets
  39 raiju
  30 blink frogs
  A jumping spider (shapeshifter) (Vaults:5)
  A queen bee (Orc:1)
  9 hellwings
  A raiju (shapeshifter) (Vaults:5)
  2 hydra skeletons
  9 glass eyes
  A meliai zombie (Crypt:3)
  18 snapping turtles
  A culicivora zombie (Crypt:2)
  105 slime creatures
  A spectral black mamba (Crypt:3)
  2 centaur simulacra
  3 air elementals (Elf:3)
  3 wyverns
  An elf skeleton (Vaults:4)
  27 wraiths
  10 shadows
  A naga simulacrum (Abyss:4)
  A deep troll skeleton (Vaults:3)
  17 water elementals
  18 ynoxinuls
  39 small abominations
  A black mamba skeleton (Crypt:2)
  6 hogs (D:14)
  6 vampires
  2 fire elementals
  66 yaks
  6 golden eyes
  5 basilisks
  2 wargs
  13 neqoxecs
  A steam dragon (Lair:5)
  24 chaos spawn
  10 vampire mosquitoes
  64 nagas
  An alligator snapping turtle simulacrum (Abyss:3)
  12 spatial vortices
  A glowing shapeshifter zombie (Vaults:3)
  2 acid dragons
  21 water moccasins
  2 hydra simulacra (Hell)
  16 orc warriors
  A water nymph skeleton (Crypt:2)
  2 glowing shapeshifter skeletons
  Duvessa (D:4)
  A fire bat skeleton (Crypt:3)
  5 hell hounds
  A naga skeleton (Abyss:4)
  2 ice beasts (D:6)
  27 laughing skulls
  A sky beast (Abyss:3)
  A black bear (D:6)
  A black bear (shapeshifter) (Abyss:1)
  An elephant zombie (Crypt:3)
  A human zombie (Vaults:4)
  A tengu (shapeshifter) (Abyss:3)
  6 centaurs
  18 wolves
  5 boggarts (Vaults:1)
  10 ogres
  2 phantoms (D:5)
  9 kobold brigands
  9 brain worms
  23 weeping skulls
  10 bullfrogs
  A gnoll sergeant (D:8)
  17 scorpions
  A draconian skeleton (Crypt:1)
  A glowing shapeshifter simulacrum (Vaults:3)
  3 earth elementals
  A wyvern skeleton (Crypt:3)
  19 wights
  Dowan (D:4)
  A yak zombie (Crypt:1)
  31 killer bees
  A raiju skeleton (Crypt:3)
  3 howler monkeys
  4 crimson imps (Abyss:3)
  A spriggan skeleton (Crypt:3)
  A bombardier beetle (D:5)
  5 quasits
  A bullfrog skeleton (Crypt:3)
  A gnoll bouda (D:10)
  17 orc priests
  3 hounds
  11 iron imps
  15 jellies
  2 iguanas
  An iguana (shapeshifter) (Elf:1)
  44 orc wizards
  11 gnolls
  6 adders
  10 shadow imps
  A steam dragon skeleton (Crypt:2)
  15 white imps
  9 ufetubi
  A lava snake zombie (Crypt:2)
  4 dart slugs
  2 ribbon worms
  66 orcs
  9 endoplasms
  2 giant cockroaches
  11 goblins
  8 hobgoblins
  9 jackals
  2 quokkas
  7 ball pythons
  6 bats
  An endoplasm zombie (Crypt:2)
  5 frilled lizards
  14 kobolds
  8 rats
  A spectral goblin (D:3)
  11 aspiring fleshes
  15 creeping infernos
  26 fire vortices
  2 foxfires (D:13)
  9 lurking horrors
  18 starspawn tentacles
  7 tentacles (Shoals:3)
3575 creatures vanquished.

Vanquished Creatures (others)
  A merfolk impaler (Shoals:4)
  A deep elf archer (Elf:1)
  A human (D:14)
  4 golden eyes (Abyss:4)
  4 small abominations
  A ribbon worm (D:4)
  2 foxfires (D:13)
  2 lurking horrors (Abyss:4)
  21 starspawn tentacles
  16 tentacles (Shoals:3)
53 creatures vanquished.

Grand Total: 3628 creatures vanquished

Notes
Turn   | Place    | Note
-------+----------+-------------------------------------------
     0 | D:1      | Alarak the Barachi Hunter began the quest for the Orb.
     0 | D:1      | Reached XP level 1. HP: 17/17 MP: 1/1
    66 | D:1      | Reached XP level 2. HP: 23/23 MP: 2/2
   140 | D:1      | Found Doyboquv's Weapon Shoppe.
   230 | D:1      | Reached XP level 3. HP: 23/28 MP: 3/3
   258 | D:1      | Reached skill level 5 in Ranged Weapons
   782 | D:2      | Reached XP level 4. HP: 34/34 MP: 4/4
   879 | D:2      | Learned a level 1 spell: Slow
  1480 | D:3      | Reached skill level 1 in Hexes
  1489 | D:3      | Found a burning altar of Makhleb.
  1489 | D:3      | Found a glowing golden altar of the Shining One.
  1528 | D:3      | Noticed a scorpion
  1539 | D:3      | Killed a scorpion
  1540 | D:3      | Reached XP level 5. HP: 32/39 MP: 5/5
  1625 | D:3      | Found a faded altar of an unknown god.
  1628 | D:3      | Identified the +1 robe "Oroosura" {rF- Str-2 SInv Stlth+}
  1798 | D:3      | Reached XP level 6. HP: 41/46 MP: 6/6
  1826 | D:3      | Reached skill level 1 in Spellcasting
  2175 | D:3      | Found a basalt altar of Yredelemnul.
  2383 | D:4      | Identified the +0 scale mail of Reason {^Drain rPois Regen+
                  | Slay+6}
  2527 | D:4      | Reached skill level 1 in Armour
  2784 | D:4      | Noticed Duvessa
  2787 | D:4      | Noticed Dowan
  2798 | D:4      | Killed Duvessa
  2799 | D:4      | Reached XP level 7. HP: 26/51 MP: 8/8
  2809 | D:4      | Killed Dowan
  2985 | D:5      | Entered Level 5 of the Dungeon
  3067 | D:5      | Reached skill level 5 in Armour
  3213 | D:5      | Reached XP level 8. HP: 57/57 MP: 9/9
  3708 | D:6      | Identified a scroll of acquirement
  3708 | D:6      | Acquired a scarf of harm
  3710 | D:6      | Noticed Maggie
  3717 | D:6      | Reached skill level 5 in Fighting
  3781 | D:6      | Noticed Jeremiah
  3788 | D:6      | Killed Jeremiah
  3870 | D:6      | Reached XP level 9. HP: 72/72 MP: 10/10
  3946 | D:6      | Killed Maggie
  4550 | D:7      | Identified the +0 robe of Absolutism {Will++ Str-4 Dex+3}
  4589 | D:7      | Found a staircase to the Ecumenical Temple.
  4606 | D:7      | Reached skill level 10 in Ranged Weapons
  4634 | Temple   | Entered the Ecumenical Temple
  4655 | Temple   | Became a worshipper of Cheibriados the Contemplative
  4836 | D:7      | Found a broken altar of Ashenzari.
  4838 | D:7      | Found a sacrificial altar of Ru.
  5054 | D:7      | Reached XP level 10. HP: 79/79 MP: 11/11
  5056 | D:7      | Reached * piety under Cheibriados
  5484 | D:8      | Found a transporter.
  5659 | D:8      | Found a transporter.
  5689 | D:8      | Found a transporter.
  5742 | D:8      | Found a transporter.
  5767 | D:8      | Reached ** piety under Cheibriados
  5853 | D:8      | Reached skill level 1 in Invocations
  5854 | D:8      | Acquired a manual of Armour
  5991 | D:8      | Found a white marble altar of Elyvilon.
  6303 | D:9      | Found a sparkling altar of Nemelex Xobeh.
  6518 | D:9      | Reached *** piety under Cheibriados
  6520 | D:9      | Reached skill level 5 in Invocations
  6545 | D:9      | Found an iron altar of Okawaru.
  6774 | D:10     | Entered Level 10 of the Dungeon
  6778 | D:10     | Reached XP level 11. HP: 84/84 MP: 13/15
  6877 | D:10     | Reached **** piety under Cheibriados
  7014 | D:10     | Reached skill level 10 in Armour
  7064 | D:10     | Identified the +9 falchion of the Warrior {spect, rC+
                  | Str+5}
  7147 | D:10     | Reached ***** piety under Cheibriados
  7188 | D:10     | Found a staircase to the Lair.
  7500 | D:11     | Noticed a boulder beetle
  7512 | D:11     | Killed a boulder beetle
  7541 | D:11     | Noticed a boulder beetle
  7546 | D:11     | Noticed a two-headed ogre
  7547 | D:11     | Killed a boulder beetle
  7549 | D:11     | Killed a two-headed ogre
  7550 | D:11     | Reached skill level 5 in Dodging
  7564 | D:11     | Noticed a two-headed ogre
  7569 | D:11     | Killed a two-headed ogre
  7589 | D:11     | Reached XP level 12. HP: 52/91 MP: 16/16
  7737 | D:11     | Noticed a two-headed ogre
  7740 | D:11     | Killed a two-headed ogre
  8051 | D:11     | Reached skill level 10 in Dodging
  8415 | D:11     | Noticed a two-headed ogre
  8417 | D:11     | Killed a two-headed ogre
  8451 | D:12     | Reached skill level 15 in Armour
  8559 | D:12     | Found a staircase to the Orcish Mines.
  8647 | D:12     | Noticed a boulder beetle
  8660 | D:12     | Killed a boulder beetle
  8704 | D:12     | Noticed a centaur warrior
  8712 | D:12     | Killed a centaur warrior
  8810 | D:12     | Noticed Snorg
  8815 | D:12     | Killed Snorg
  8888 | D:12     | Noticed Psyche
  8891 | D:12     | Killed Psyche
  9054 | D:12     | Gained mutation: You can hop long distances. [Barachi
                  | growth]
  9054 | D:12     | Reached XP level 13. HP: 89/96 MP: 17/17
  9104 | D:12     | Noticed Gastronok
  9128 | D:12     | Killed Gastronok
  9386 | D:12     | Identified the serpent talisman of Imiavel {rF+ rC- Slay+2
                  | SInv}
  9506 | Lair:1   | Entered Level 1 of the Lair of Beasts
  9518 | Lair:1   | Identified the +0 pair of gloves of the Tentacled God
                  | {Rampage Str+2 Stlth+}
 10391 | Lair:2   | Found a frozen archway.
 10401 | IceCv    | Entered an ice cave
 10589 | IceCv    | Noticed a frost giant
 10598 | IceCv    | Killed a frost giant
 10645 | IceCv    | Reached XP level 14. HP: 103/103 MP: 18/18
 10681 | IceCv    | Reached skill level 15 in Ranged Weapons
 11024 | Lair:2   | Found a staircase to the Shoals.
 11142 | Lair:2   | Got Tegosaic's Collected Works on Conflict
 11160 | Lair:2   | Noticed Nergalle
 11166 | Lair:2   | Killed Nergalle
 11625 | Lair:3   | Reached ****** piety under Cheibriados
 11632 | Lair:3   | Found a staircase to the Snake Pit.
 12602 | Lair:4   | Reached skill level 10 in Fighting
 13155 | Lair:5   | Entered Level 5 of the Lair of Beasts
 13161 | Lair:5   | Reached XP level 15. HP: 105/122 MP: 19/19
 13434 | Lair:5   | Identified the +7 rapier "Seabal" {holy, rPois rC++ MP+9
                  | Dex-4}
 13508 | Lair:5   | Found a staircase to the Slime Pits.
 14123 | Orc:1    | Entered Level 1 of the Orcish Mines
 14285 | Orc:1    | Found Befasuy's Assorted Antiques.
 14985 | Orc:2    | Entered Level 2 of the Orcish Mines
 15161 | Orc:2    | Found Gasebeo's Assorted Antiques.
 15188 | Orc:2    | Noticed Josephine
 15193 | Orc:2    | Killed Josephine
 15238 | Orc:2    | Bought a glowing helmet for 165 gold pieces
 15238 | Orc:2    | Bought a large ruby ring for 110 gold pieces
 15310 | Orc:2    | Noticed an orc warlord
 15326 | Orc:2    | Killed an orc warlord
 15362 | Orc:2    | Noticed Erolcha
 15378 | Orc:2    | Killed Erolcha
 15423 | Orc:2    | Found a roughly hewn altar of Beogh.
 15439 | Orc:2    | Identified the +3 scale mail of the Arcane {rF+}
 15497 | Orc:2    | Found a staircase to the Elven Halls.
 15628 | Orc:2    | Reached XP level 16. HP: 133/133 MP: 22/22
 15971 | Orc:2    | Found Ynuxyfots's Magic Scroll Emporium.
 15989 | Orc:2    | Found a radiant altar of Vehumet.
 16001 | Orc:2    | Found Posyes's Jewellery Shoppe.
 16015 | Orc:2    | Found an ancient bone altar of Kikubaaqudgha.
 16032 | Orc:2    | Found Fohi's Antique Armour Shoppe.
 16065 | Orc:2    | Found a roughly hewn altar of Beogh.
 16213 | Orc:2    | Found Fyaz's Magic Scroll Emporium.
 16886 | D:13     | Noticed Larugibown's ghost (journeyman MDFE)
 16945 | D:13     | Found Bisosm's Vocational Training.
 16952 | D:13     | Bought a manual of Invocations for 1120 gold pieces
 17032 | D:13     | Found a transporter.
 17040 | D:13     | Found a transporter.
 17251 | D:13     | Reached skill level 10 in Invocations
 17254 | D:13     | Killed Larugibown's ghost
 17255 | D:13     | HP: 6/133 [death knight/+0 great sword (15)]
 17664 | D:14     | Noticed Agnes
 17673 | D:14     | Killed Agnes
 17868 | D:14     | Noticed Kirke
 17882 | D:14     | Killed Kirke
 18097 | D:14     | Found a gate to the Vaults.
 18468 | D:15     | Entered Level 15 of the Dungeon
 18603 | D:15     | Found a staircase to the Depths.
 18618 | D:15     | Reached skill level 15 in Invocations
 18759 | D:15     | Reached XP level 17. HP: 139/139 MP: 28/28
 19348 | Shoals:1 | Entered Level 1 of the Shoals
 19728 | Shoals:1 | Reached skill level 15 in Fighting
 19898 | Shoals:1 | Noticed Frances
 19903 | Shoals:1 | Killed Frances
 20921 | Shoals:2 | Upgraded the game from 0.32-a0-900-g30fb1b0edc to
                  | 0.32-a0-909-gc671339a80
 20974 | Shoals:2 | Identified the +1 animal skin "Geiblyh" {rPois rF+ Stlth-}
 21042 | Shoals:3 | Reached skill level 1 in Evocations
 21166 | Shoals:3 | Noticed Konar's ghost (adept CoHu)
 21167 | Shoals:3 | Found a transporter.
 21170 | Shoals:3 | Noticed a kraken
 21187 | Shoals:3 | Found a transporter.
 21322 | Shoals:3 | Reached skill level 5 in Evocations
 21419 | Shoals:3 | Noticed a kraken
 21430 | Shoals:3 | Killed a kraken
 21483 | Shoals:3 | Noticed a kraken
 21497 | Shoals:3 | Killed a kraken
 21498 | Shoals:3 | Reached XP level 18. HP: 155/155 MP: 30/30
 22201 | Shoals:3 | Killed Konar's ghost
 22212 | Shoals:3 | Reached skill level 10 in Evocations
 22255 | Shoals:3 | Identified the ring "Koatimni" {rC+ MP+9 Int+2 Slay+2}
 22357 | Shoals:4 | Entered Level 4 of the Shoals
 22696 | Shoals:4 | Noticed Polyphemus
 22728 | Shoals:4 | Killed Polyphemus
 22969 | Shoals:4 | Identified the ring "Jelih" {EV+5 Int+3 Slay+2}
 23198 | Shoals:4 | Found a large runed translucent door.
 23198 | Shoals:4 | Found a large runed translucent door.
 23198 | Shoals:4 | Noticed MirrMurr's ghost (adept OnWr)
 23223 | Shoals:4 | Killed MirrMurr's ghost
 23413 | Shoals:4 | Reached XP level 19. HP: 161/161 MP: 31/31
 23420 | Shoals:4 | Got a barnacled rune of Zot
 23422 | Shoals:4 | Got an azure gem with 0 turns to spare
 23686 | Shoals:4 | Got Qeyboud's Omnibus of the Legion and Geometry
 23711 | Shoals:3 | Upgraded the game from 0.32-a0-909-gc671339a80 to
                  | 0.32-a0-913-g739538afd8
 23845 | Snake:1  | Entered Level 1 of the Snake Pit
 23845 | Snake:1  | Noticed Mlioglotl
 23857 | Lair:3   | Killed Mlioglotl
 24132 | Snake:1  | Reached skill level 15 in Dodging
 25182 | Snake:2  | Found Futibuots's General Store.
 25182 | Snake:2  | Found Ficyac's Distillery.
 25683 | Snake:3  | Noticed Donald
 25689 | Snake:3  | Killed Donald
 26078 | Snake:3  | Found Meexoasy's Jewellery Shop.
 26238 | Snake:4  | Entered Level 4 of the Snake Pit
 26317 | Snake:4  | Reached XP level 20. HP: 167/168 MP: 32/32
 26351 | Snake:4  | Found an ancient bone altar of Kikubaaqudgha.
 26848 | Snake:4  | Noticed Mara
 26854 | Snake:4  | Noticed Alarak's illusion
 26879 | Snake:4  | Killed Mara
 27008 | Snake:4  | Got a serpentine rune of Zot
 27416 | Elf:1    | Entered Level 1 of the Elven Halls
 27753 | Elf:1    | Acquired the +6 arbalest "Damnation" {damnation}
 27753 | Elf:1    | Found the +6 arbalest "Damnation" {damnation}
 27782 | Elf:1    | Found a runed translucent gate.
 27782 | Elf:1    | Found a runed translucent gate.
 27782 | Elf:1    | Found a runed translucent gate.
 27993 | Elf:1    | Noticed Louise
 27998 | Elf:1    | Killed Louise
 28615 | Elf:2    | Found a huge runed translucent gate.
 28615 | Elf:2    | Found a huge runed translucent gate.
 28616 | Elf:2    | Found a huge runed translucent gate.
 28617 | Elf:2    | Found a huge runed translucent gate.
 28619 | Elf:2    | Found a huge runed translucent gate.
 29204 | Elf:2    | Identified the serpent talisman of the Eagle {Slay+3}
 29204 | Elf:2    | Noticed Aizul
 29212 | Elf:2    | Reached XP level 21. HP: 180/180 MP: 33/33
 29215 | Elf:2    | Killed Aizul
 29380 | Elf:3    | Entered Level 3 of the Elven Halls
 29481 | Elf:3    | Paralysed by an air elemental for 1 turns
 29524 | Elf:3    | Found Nesaohes's Book Shop.
 29541 | Elf:3    | Found a flickering gateway to a bazaar.
 29547 | Bazaar   | Entered a bazaar
 29548 | Bazaar   | Found Suse's Book Shop.
 29593 | Bazaar   | Found Qielit's General Store.
 29598 | Bazaar   | Bought a potion of curing for 33 gold pieces
 29606 | Bazaar   | Found Kebeb's Distillery.
 29634 | Bazaar   | Found Wuufesch's Assorted Antiques.
 29685 | Bazaar   | Bought a glowing helmet for 202 gold pieces
 29729 | Elf:3    | Found Huvih's Magic Scroll Emporium.
 29736 | Elf:3    | Found Leucluor's Weapon Emporium.
 29750 | Elf:3    | Found Coxzyug's Armour Shoppe.
 29877 | Elf:3    | Bought a +2 pair of boots of stealth for 387 gold pieces
 29925 | Elf:3    | Bought a scroll of acquirement for 936 gold pieces
 29932 | Elf:3    | Acquired a manual of Fighting
 30092 | Elf:3    | Found a shimmering blue altar of Sif Muna.
 30368 | Elf:3    | Identified the +9 morningstar of Johur {flame, rN++}
 30479 | Elf:3    | Identified the +0 chain mail "Obriqaet" {Int+4 Dex+2}
 30484 | Elf:3    | Identified the +3 quarterstaff of Bissah {heavy, Int+4}
 30527 | Elf:3    | Identified the +8 glaive of Inconvenience {freeze, Will+
                  | MP+9 Dex+3 SInv}
 30527 | Elf:3    | Identified the +3 leather armour "Buoqur" {rF+ Will+}
 30563 | Elf:3    | Identified the +3 chain mail of the Boiling Point {Rampage
                  | Str+3 Int+2}
 30644 | Elf:3    | Got the Exposition on the Salvo
 30646 | Elf:3    | Got Syamn's Discursus on the Earthen Storm
 31114 | Vaults:1 | Entered Level 1 of the Vaults
 31597 | Vaults:1 | Noticed Norris
 31603 | Vaults:1 | Killed Norris
 32095 | Vaults:1 | Got Nontoss's Tome of Shining Reagents
 32490 | Vaults:2 | Reached XP level 22. HP: 206/206 MP: 34/34
 33320 | Vaults:2 | Found a staircase to the Crypt.
 34365 | Vaults:3 | Reached skill level 27 in Fighting
 35081 | Vaults:4 | Reached skill level 1 in Ice Magic
 35262 | Vaults:4 | Reached skill level 5 in Ice Magic
 35393 | Vaults:4 | Learned a level 3 spell: Ozocubu's Armour
 35637 | Vaults:4 | Reached skill level 10 in Ice Magic
 36351 | Vaults:4 | Reached XP level 23. HP: 219/219 MP: 35/35
 36669 | Depths:1 | Entered Level 1 of the Depths
 36766 | Depths:1 | Noticed the Enchantress
 36767 | Depths:1 | Reached skill level 15 in Ice Magic
 36772 | Depths:1 | Killed the Enchantress
 36824 | Depths:1 | Found a gateway to Hell.
 37051 | Depths:1 | Identified the ring of Fuoppuoz {MP+9 Dex+6}
 37052 | Depths:1 | Identified the -1 pair of boots of Wenlaph {+Blink +Inv
                  | Str-4}
 37055 | Depths:1 | Identified the ring "Cuvvump" {rElec rN+ EV+5 Int+3}
 37260 | Depths:1 | Found a corrupted altar of Lugonu.
 37260 | Depths:1 | Found a one-way gate to the infinite horrors of the Abyss.
 37333 | Depths:1 | Found a shimmering altar of Xom.
 37627 | Depths:1 | Found the +0 cloak of the Thief {Quiet Slay-3 SInv Stlth+}
 37743 | Depths:1 | Identified the +9 rapier "Rinal" {drain, rElec Dex+5}
 38437 | Depths:2 | Found a one-way gate leading to the halls of Pandemonium.
 38476 | Depths:2 | Learned a level 7 spell: Ozocubu's Refrigeration
 38544 | Depths:2 | Found Xyqyinej's Tremendous Tomes.
 39365 | Depths:2 | Identified the staff of Devotion {Dex+5 Earth}
 39646 | Depths:4 | Entered Level 4 of the Depths
 39666 | Depths:4 | Noticed a juggernaut
 39674 | Depths:4 | Killed a juggernaut
 39675 | Depths:4 | Reached XP level 24. HP: 227/227 MP: 28/35
 39950 | Depths:4 | Found Yvoamp's Clear Minds Boutique.
 40038 | Depths:4 | Found a one-way gateway to a ziggurat.
 40162 | Depths:4 | Reached skill level 5 in Spellcasting
 40595 | Depths:4 | Found a gate to the Realm of Zot.
 41157 | Vaults:5 | Entered Level 5 of the Vaults
 41178 | Vaults:5 | Noticed Saint Roka
 41195 | Vaults:5 | Reached skill level 10 in Spellcasting
 41195 | Vaults:5 | Killed Saint Roka
 41203 | Vaults:5 | Noticed an ancient lich
 41217 | Vaults:5 | Killed an ancient lich
 41236 | Vaults:5 | Noticed an ancient lich
 41241 | Vaults:5 | Killed an ancient lich
 41618 | Vaults:5 | Reached XP level 25. HP: 234/234 MP: 39/39
 41625 | Vaults:5 | Noticed an ancient lich
 41629 | Vaults:5 | Killed an ancient lich
 41631 | Vaults:5 | Identified the ring of Satisfaction {Ice rCorr Dex+3}
 41654 | Vaults:5 | Identified the ring "Rastrueng" {rC+ Str+6}
 41924 | Vaults:5 | Identified the +3 leather armour of Itijusch {Harm Rampage
                  | rPois rF+}
 42002 | Vaults:5 | Noticed a dread lich
 42005 | Vaults:5 | Killed a dread lich
 42007 | Vaults:5 | Noticed an ancient lich
 42020 | Vaults:5 | Killed an ancient lich
 42258 | Vaults:5 | Found the +3 Mad Mage's Maulers {Infuse+∞ VampMP -Cast}
 42281 | Vaults:5 | Identified the +6 hand axe of the Sky {elec, Dex+3}
 42284 | Vaults:5 | Identified the ring "Vyumer" {rF+ rN+ Int-2 Slay+4}
 42449 | Vaults:5 | Got a silver rune of Zot
 42656 | Vaults:5 | Identified the +9 war axe "Massarghu" {drain, rPois rCorr
                  | SInv Stlth-}
 43385 | Slime:1  | Entered Level 1 of the Pits of Slime
 44190 | Slime:2  | Gained mutation: Your movements are slightly less
                  | encumbered by armour. (ER -2) [a shining eye]
 44196 | Slime:2  | Reached skill level 15 in Evocations
 44694 | Slime:3  | Found a viscous altar of Jiyva.
 45414 | Slime:4  | Gained mutation: You occasionally shout uncontrollably at
                  | your foes. [a shining eye]
 45660 | Slime:5  | Entered Level 5 of the Pits of Slime
 45685 | Slime:5  | Noticed the Royal Jelly
 45690 | Slime:5  | Killed the Royal Jelly
 45693 | Slime:5  | Reached XP level 26. HP: 242/242 MP: 32/41
 45793 | Slime:5  | Identified the staff of Aklugod {rF+ rCorr Str+4 Summ Fire}
 45959 | Slime:5  | Identified the +7 spear "Killer Klown's Bane" {venom, rPois
                  | rN+ Dex-3 SInv}
 45961 | Slime:5  | Identified the +0 scale mail of Seliesch {rF+}
 46043 | Slime:5  | Identified the +7 great sword "Rasinuh" {freeze, rF+}
 46119 | Slime:5  | Got a slimy rune of Zot
 46121 | Slime:5  | Identified the staff "Jiulyqus" {rElec rPois rC- Will+
                  | rCorr Alchemy}
 46377 | Slime:5  | Upgraded the game from 0.32-a0-913-g739538afd8 to
                  | 0.32-a0-918-g0f22ef8d61
 47147 | Crypt:1  | Entered Level 1 of the Crypt
 47164 | Crypt:1  | Noticed Grunn
 47266 | Vaults:2 | Learned a level 2 spell: Blink
 47294 | Vaults:2 | Reached skill level 1 in Translocations
 47382 | Vaults:2 | Killed Grunn
 47457 | Crypt:1  | Reached skill level 5 in Translocations
 48132 | Crypt:1  | Noticed a royal mummy
 48135 | Crypt:1  | Killed a royal mummy
 48137 | Crypt:1  | Noticed a royal mummy
 48145 | Crypt:1  | Killed a royal mummy
 48148 | Crypt:1  | Noticed a royal mummy
 48151 | Crypt:1  | Killed a royal mummy
 48261 | Crypt:1  | Found the +7 sceptre of Torment {pain, torment}
 49139 | Crypt:2  | Noticed Jory
 49145 | Crypt:2  | Killed Jory
 49234 | Crypt:2  | Noticed Bai Suzhen
 49250 | Crypt:2  | Killed Bai Suzhen
 49595 | Crypt:3  | Entered Level 3 of the Crypt
 49836 | Crypt:3  | Reached XP level 27. HP: 235/249 MP: 23/41
 49848 | Crypt:3  | Reached skill level 15 in Spellcasting
 49989 | Crypt:3  | Learned a level 9 spell: Polar Vortex
 50018 | Crypt:3  | Found a basalt altar of Yredelemnul.
 50661 | Crypt:3  | Noticed Gouluvih's ghost (adept FeSh)
 50673 | Crypt:3  | Noticed Sojobo
 50674 | Crypt:3  | Noticed a dread lich
 50679 | Crypt:3  | Killed a dread lich
 50687 | Crypt:3  | Killed Sojobo
 50779 | Crypt:3  | Found a runed translucent door.
 50783 | Crypt:3  | Found a staircase to the Tomb.
 50988 | Crypt:3  | Killed Gouluvih's ghost
 51343 | Depths:4 | Voluntarily entered the Abyss.
 51345 | Abyss:1  | Found a corrupted altar of Lugonu.
 51991 | Abyss:3  | Noticed an ancient lich
 51993 | Abyss:3  | Killed an ancient lich
 52138 | Abyss:3  | Found a corrupted altar of Lugonu.
 52197 | Abyss:3  | Found the +3 warlock's mirror {omnireflect}
 53070 | Abyss:3  | Got an abyssal rune of Zot
 53316 | Abyss:3  | Found a corrupted altar of Lugonu.
 53330 | Abyss:3  | Found a corrupted altar of Lugonu.
 53462 | Abyss:3  | Found a corrupted altar of Lugonu.
 53465 | Abyss:3  | Found a corrupted altar of Lugonu.
 53477 | Abyss:3  | Found a corrupted altar of Lugonu.
 53580 | Abyss:3  | Found a corrupted altar of Lugonu.
 54117 | Abyss:4  | Found a corrupted altar of Lugonu.
 54157 | Abyss:4  | Reached skill level 27 in Ice Magic
 54159 | Abyss:4  | Found a corrupted altar of Lugonu.
 54446 | Abyss:4  | Found a corrupted altar of Lugonu.
 54567 | Abyss:4  | Gained mutation: You are dopey. (Int -2) [a neqoxec]
 54568 | Abyss:4  | Gained mutation: You frequently scream uncontrollably at
                  | your foes. [a neqoxec]
 54618 | Abyss:4  | Found a corrupted altar of Lugonu.
 55397 | Abyss:4  | Gained mutation: You possess an exceptional clarity of
                  | mind. [a neqoxec]
 55510 | Depths:4 | Escaped the Abyss
 55638 | Hell     | Entered the Vestibule of Hell
 55638 | Hell     | Noticed Geryon
 55645 | Hell     | Killed Geryon
 55650 | Hell     | Gained mutation: You do not regenerate when monsters are
                  | visible. [a cacodemon]
 55967 | Hell     | Found a gateway to the freezing wastes of Cocytus.
 56071 | Hell     | Found a gateway to the decaying netherworld of Tartarus.
 56146 | Hell     | Found a gateway to the ashen valley of Gehenna.
 56321 | Hell     | Found a gateway to the Iron City of Dis.
 56345 | Hell     | Lost mutation: You do not regenerate when monsters are
                  | visible. [potion of mutation]
 56345 | Hell     | Lost mutation: You possess an exceptional clarity of mind.
                  | [potion of mutation]
 56345 | Hell     | Gained mutation: You passively map a small area around you.
                  | [potion of mutation]
 56345 | Hell     | Gained mutation: A frigid envelope surrounds you and
                  | freezes all who hurt you. [potion of mutation]
 56345 | Hell     | Lost mutation: You passively map a small area around you.
                  | [potion of mutation]
 56432 | Zot:1    | Entered Level 1 of the Realm of Zot
 56905 | Zot:1    | Noticed an orb of fire
 56908 | Zot:1    | Killed an orb of fire
 57533 | Zot:2    | Identified the +10 ring mail of Wrong Decisions {rF+ Will-
                  | Regen+ Int+4}
 58070 | Zot:2    | Found a runed translucent gate.
 58070 | Zot:2    | Found a runed translucent gate.
 58071 | Zot:2    | Found a runed translucent gate.
 58071 | Zot:2    | Noticed Beclu's ghost (legendary GnSk)
 59836 | Zot:4    | Noticed an orb of fire
 59840 | Zot:4    | Gained mutation: Your body sometimes deteriorates upon
                  | taking damage. [an orb of fire]
 59842 | Zot:4    | Gained mutation: You occasionally lose the ability to drink
                  | potions when taking damage. [an orb of fire]
 59846 | Zot:4    | Gained mutation: Armour fits poorly on your strangely
                  | shaped body. [an orb of fire]
 59847 | Zot:4    | Killed an orb of fire
 59976 | Zot:4    | Lost mutation: A frigid envelope surrounds you and freezes
                  | all who hurt you. [potion of mutation]
 59976 | Zot:4    | Lost mutation: You frequently scream uncontrollably at your
                  | foes. [potion of mutation]
 59976 | Zot:4    | Lost mutation: You are dopey. (Int -2) [potion of mutation]
 59977 | Zot:4    | Lost mutation: Your movements are slightly less encumbered
                  | by armour. (ER -2) [potion of mutation]
 59977 | Zot:4    | Lost mutation: Your body sometimes deteriorates upon taking
                  | damage. [potion of mutation]
 59977 | Zot:4    | Gained mutation: Your mind is acute. (Int +4, Str/Dex -1)
                  | [potion of mutation]
 59977 | Zot:4    | Gained mutation: A frigid envelope surrounds you and
                  | freezes all who hurt you. [potion of mutation]
 60878 | Snake:2  | Bought a potion of curing for 39 gold pieces
 60878 | Snake:2  | Bought a potion of heal wounds for 65 gold pieces
 60878 | Snake:2  | Bought a potion of heal wounds for 65 gold pieces
 60878 | Snake:2  | Bought a potion of resistance for 130 gold pieces
 60878 | Snake:2  | Bought a potion of resistance for 130 gold pieces
 60878 | Snake:2  | Bought a potion of mutation for 104 gold pieces
 61053 | Shoals:4 | Lost mutation: You occasionally shout uncontrollably at
                  | your foes. [potion of mutation]
 61053 | Shoals:4 | Lost mutation: Armour fits poorly on your strangely shaped
                  | body. [potion of mutation]
 61054 | Shoals:4 | Lost mutation: You occasionally lose the ability to drink
                  | potions when taking damage. [potion of mutation]
 61054 | Shoals:4 | Lost mutation: Your mind is acute. (Int +4, Str/Dex -1)
                  | [potion of mutation]
 61054 | Shoals:4 | Gained mutation: You have a pair of small horns on your
                  | head. [potion of mutation]
 61055 | Shoals:4 | Lost mutation: You have a pair of small horns on your head.
                  | [potion of mutation]
 61055 | Shoals:4 | Lost mutation: A frigid envelope surrounds you and freezes
                  | all who hurt you. [potion of mutation]
 61055 | Shoals:4 | Gained mutation: You are somewhat resistant to further
                  | mutation. [potion of mutation]
 62807 | Geh:1    | Entered Level 1 of Gehenna
 62813 | Geh:1    | Reached skill level 1 in Shields
 62963 | Geh:2    | Reached skill level 5 in Shields
 63255 | Geh:3    | Noticed an ancient lich
 63261 | Geh:3    | Killed an ancient lich
 63650 | Geh:4    | Reached skill level 10 in Shields
 65295 | Geh:7    | Entered Level 7 of Gehenna
 66258 | Geh:7    | Identified the +1 leather armour of Xoxkeog {Int+4}
 66290 | Geh:7    | Reached skill level 15 in Shields
 66448 | Geh:7    | Identified the +5 morningstar of Peseh {venom, ^Drain rPois
                  | rF+}
 66540 | Geh:7    | Identified the +1 ring mail of the Vaults {rPois}
 66541 | Geh:7    | Identified the +4 ring mail of the Garden {rElec Dex+2}
 66585 | Geh:7    | Found the +13 sceptre of Asmodeus
 66585 | Geh:7    | Noticed Asmodeus
 66599 | Geh:7    | Killed Asmodeus
 66679 | Geh:7    | Identified the +5 orcbow of Hiujaora {elec, +Blink rC-
                  | Int-4 Dex+8}
 66681 | Geh:7    | Got an obsidian rune of Zot
 67406 | Tar:1    | Entered Level 1 of Tartarus
 67423 | Tar:1    | You fall into a shaft and drop 1 floor!
 67429 | Tar:2    | Noticed an ancient lich
 67437 | Tar:2    | Killed an ancient lich
 68172 | Tar:1    | Noticed a dread lich
 68178 | Tar:1    | Killed a dread lich
 68607 | Tar:3    | Noticed a dread lich
 68611 | Tar:3    | Paralysed by a dread lich for 2 turns
 68614 | Tar:3    | Killed a dread lich
 68836 | Tar:4    | HP: 12/249 [tainted leviathan (24)]
 68838 | Tar:4    | HP: 1/249 [something (5)]
 68838 | Tar:4    | Succumbed to poison (dark miasma)

Illustrated notes

Levels and vault maps discovered:
D:1:      lightli_molten_gateway, layout_basic, serial_shops, shop,
          minmay_hexomino_p4
D:2:      layout_loops_ring
D:3:      layout_basic, mainiacjoe_overflow_surrounded_room,
          gammafunk_temple_overflow_statue,
          dreamdust_ecumenical_altar_drowned_temple
D:4:      layout_loops_ring, chequers_arboretum, uniq_duvessa
D:5:      layout_loops_cross
D:6:      layout_cave_pools, ebering_dispersal_statue_hall,
          minmay_a_box_with_orc_wizards_in_it, uniq_jeremiah, uniq_maggie
D:7:      layout_loops_corners, nicolae_overflow_hidden_temple,
          minmay_temple_entry_hall
D:8:      layout_basic, elyvilon_altar_5, nicolae_transporter_intersection
D:9:      layout_roguey, mainiacjoe_overflow_small_starburst, okawaru_gym_becter
D:10:     layout_cave_pools, minmay_lair_entry_grove, amcnicky_mini_pool_small
D:11:     layout_cave_pods, serial_park, serial_park_fountain,
          serial_park_square2, serial_park_tiny_pond, onia_ninara_cookie
D:12:     kennysheep_bubbly, layout_basic, orc_0_dummy, uniq_snorg,
          uniq_gastronok, uniq_psyche
D:13:     layout_roguey, serial_aquarium, aquarium_bridge_straight
          [aquarium_subvault_bridge, aquarium_subvault_wall,
          aquarium_subvault_bridge, aquarium_subvault_window],
          aquarium_bridge_straight [aquarium_subvault_bridge,
          aquarium_subvault_window, aquarium_subvault_bridge,
          aquarium_subvault_wall], aquarium_window_fake, aquarium_window_2,
          aquarium_view_2e, gammafunk_ghost_mausoleum, nicolae_shop_vocational
D:14:     layout_loops_cross, david_vaults_1, corexii_leaking_fountain,
          uniq_agnes, uniq_kirke
D:15:     hangedman_depths_entry_civil_slaughter, layout_irregular_city,
          grunt_decor_one_mirror, minmay_quadrilaterals
Temple:   dpeg_chambers_temple
Lair:1:   layout_regular_city, beast_lair_carwin_7
Lair:2:   layout_chaotic_city, elwin_shoals_entry_rocks,
          portal_ice_cave_entry_pillars_1, uniq_nergalle
Lair:3:   layout_cave_pods, minmay_snake_entry_guardpost_medium,
          lemuel_fruit_tree, serial_bayou_shore_a, grunt_megastairs_4,
          infiniplex_staircase_pool_2
Lair:4:   layout_roguey, lemuel_fruit_fields
Lair:5:   gammafunk_lair_ancient_temple, layout_small_grid,
          minmay_slime_entry_jelly_boxes, st_stairs_7,
          nicolae_lair_grazing_beasts [nicolae_sub_lair_graze_edge,
          nicolae_sub_lair_graze_edge, nicolae_sub_lair_graze_edge,
          nicolae_sub_lair_graze_edge]
Shoals:1: layout_shoals, uniq_frances
Shoals:2: argonaut_golden_fleece, layout_shoals, nicolae_shoals_songs
Shoals:3: nicolae_shoals_lighthouse, layout_shoals, ebering_ghost_davey_jones
Shoals:4: shoals_end_simple, layout_shoals, ebering_ghost_disaster_area,
          uniq_polyphemus
Snake:1:  kennysheep_snake, layout_gridlike, uniq_mlioglotl
Snake:2:  layout_misc_corridors, serial_bayou_shore_b, minmay_shoptagon
Snake:3:  layout_basic, serial_shops, shop, uniq_donald
Snake:4:  minmay_snake_end_coiled, layout_cave_town, basic_altar, uniq_mara
Slime:1:  layout_caves
Slime:2:  layout_caves
Slime:3:  layout_caves, basic_altar, nicolae_slime_phagocytosis
Slime:4:  layout_caves, nicolae_slime_getting_an_eyeful
Slime:5:  slime_pit_nicolae_inversion
Orc:1:    layout_diamond_mine, special_room [special_room_bee], serial_shops,
          nicolae_shop_hallway_plus, nicolae_orc_lava_room
Orc:2:    kennysheep_orc_mage_school, layout_caves, serial_shops, shop,
          lightli_church_of_beogh, uniq_erolcha, uniq_josephine
Elf:1:    layout_loops_cross, nicolae_elf_shapeshifter_party,
          nicolae_elf_hall_of_bonks, uniq_louise
Elf:2:    elven_hall_of_blades_hangedman_alternative
          [nicolae_blade_entry_crossed_weapons], layout_onion_city, uniq_aizul
Elf:3:    minmay_elf_hall_not_hex, layout_onion_city, serial_shops,
          bzr_entry_safe, shop_fountains, nicolae_square_shop,
          nicolae_shop_tiny_statue_garden, shop, infiniplex_enter_wizlab_spiral,
          minivault_16, nicolae_elf_big_sculpture_1,
          hellmonk_sif_muna_bookshelves
Vaults:1: v_misc_26, grunt_vaults_swirl, nicolae_vaults_display_case,
          vaults_mumra_hexcomb, nicolae_vaults_ring_of_whatevers,
          grunt_vaults_bifocal, nicolae_vaults_shrinking_rooms_1,
          nicolae_vaults_steering_wheel, nicolae_vaults_tetromino_T_1,
          nicolae_vaults_trapezoid_layered, nicolae_vaults_door_testing_chamber,
          vaults_mumra_chevron_long, v_misc_22,
          nicolae_vaults_trapezoid_layered, vaults_dpeg_cross,
          hangedman_vaults_impose, vaults_room_grid, layout_vaults_omnibox,
          uniq_norris
Vaults:2: nicolae_vaults_network_quincunx
          [nicolae_vaults_network_quincunx_subvault,
          nicolae_vaults_network_quincunx_subvault,
          nicolae_vaults_network_quincunx_subvault,
          nicolae_vaults_network_quincunx_subvault,
          nicolae_vaults_network_quincunx_subvault], nicolae_vaults_diamond_2,
          nicolae_vaults_double_plus_1, minmay_crypt_entry_nasty_monster,
          hangedman_vaults_slice, nicolae_vaults_wine_cellar, v_rooms_6,
          v_misc_1, vaults_mumra_hex, v_misc_15, nicolae_vaults_tetromino_L_1,
          ontoclasm_vaults_shuriken, layout_vaults_omnicross
Vaults:3: nicolae_vaults_little_squares_2, grunt_vaults_hallway_short,
          nicolae_vaults_ring_of_whatevers, hangedman_vaults_unwind, v_misc_27,
          ontoclasm_vaults_loading_screen, nicolae_vaults_puzzle_piece,
          nicolae_vaults_apartment_2, layout_vaults_omnigrid
Vaults:4: v_pattern_4, nicolae_vaults_trapezoid_3, vaults_room_fours, v_misc_18,
          nicolae_vaults_more_shelving_2, nicolae_vaults_stepped_doors,
          nicolae_vaults_rhombus_5, v_misc_33, nicolae_vaults_little_squares_6,
          nicolae_vaults_trapezoid_lopsided_3, nicolae_vaults_trapezoid_2,
          layout_vaults_ring
Vaults:5: uniq_saint_roka
Crypt:1:  minmay_guarded_unrand_sceptre_of_torment, layout_chaotic_city,
          nicolae_crypt_booths_of_the_dead, uniq_josephina, uniq_grunn
Crypt:2:  layout_basic, uniq_jory, uniq_bai_suzhen
Crypt:3:  church_of_pain_bobbens, layout_chaotic_city,
          hellmonk_ghost_happy_afterlife, minivault_24, uniq_sojobo
Depths:1: layout_basic, abyss_entry_flame_altar, hellmouth_3,
          minmay_misc_feat_pillars, serial_library_hellmonk_room_b,
          regret_index_xom_buried_treasure, grunt_ministairs_12,
          nicolae_water_bricks, minmay_fire_ice_demons, uniq_enchantress
Depths:2: evilmike_pillar_path, layout_basic, rand_demon_pan_entry_7,
          roderic_lattice_a, hangedman_coc_ice_floe,
          serial_library_hellmonk_small_alcove, nicolae_shop_i_like_big_books,
          eino_small_chamber_without_monster, minmay_staircase_windowed_small
Depths:3: minmay_inside_and_out, layout_twisted_cross,
          regret_index_abyss_entry_already_here, serial_shops,
          nicolae_shop_hallway_stairs, grunt_pan_entry_in_and_out, hell_entry
Depths:4: grunt_zot_entry_gee_three, layout_gridville, enter_ziggurat_e,
          hell_entry, abyss_entry_small_statue_room, nicolae_clarity_for_sale,
          uniq_margery
Hell
Geh:1:    layout_gehenna_lava_caves
Geh:2:    layout_gehenna_pools_triple
Geh:3:    layout_gehenna_pools_basic
Geh:4:    layout_gehenna_pools_basic
Geh:5:    layout_gehenna_pools_basic
Geh:6:    layout_gehenna_pools_box, nicolae_hells_hurtin_island
Geh:7:    geh_grunt
Tar:1:    nicolae_tar_funeral_procession, layout_cathedral_of_symmetry
Tar:2:    layout_catacombs
Tar:3:    layout_catacombs
Tar:4:    layout_honeycomb, nicolae_tar_cuneiform_sun,
          nicolae_hells_seeping_fissure
Zot:1:    layout_basic
Zot:2:    layout_basic, bh_zot_levy_curve, ebering_ghost_rock_garden,
          regret_index_zotdec_gossamer_parallel
Zot:3:    layout_cathedral_of_symmetry
Zot:4:    layout_onion_interference, regret_index_zotdec_barnacled_alternative,
          regret_index_zotdec_banners

Skill      XL: |  1  2  3  4  5  6  7  8  9 10 11 12 13 14 15 16 17 18 19 20 21 22 23 24 25 26 27 |
---------------+----------------------------------------------------------------------------------+-----
Ranged Weapons | 5 6 7 10 12 14 16 18 21 | 21.0
Hexes          | 2 4 |  4.0
Spellcasting   | 1 12 14 26 | 26.9
Dodging        | 3 7 10 12 14 15 18 | 18.1
Armour         | 3 6 7 14 17 19 20 | 20.0
Fighting       | 7 12 14 17 19 25 27 | 27.0
Invocations    | 5 6 9 15 16 | 16.0
Evocations     | 6 14 16 18 | 18.0
Ice Magic      | 13 20 23 27 | 27.0
Translocations | 7 |  7.0
Shields        | 19 | 19.5
Stealth        | |  0.8

Action                     |  1- 3 |  4- 6 |  7- 9 | 10-12 | 13-15 | 16-18 | 19-21 | 22-24 | 25-27 || total
---------------------------+-------+-------+-------+-------+-------+-------+-------+-------+-------++-------
  Melee: Shortbow          |       |     3 |       |       |       |       |       |       |       ||     3
   Fire: Shortbow          |    94 |   280 |   208 |   156 |       |       |       |       |       ||   738
         Arbalest          |       |       |       |    47 |       |       |   363 |   727 |  2250 ||  3387
         Orcbow            |       |       |       |   217 |   862 |  1109 |   661 |       |       ||  2849
         Longbow           |       |       |       |       |       |       |    58 |       |       ||    58
         Hand cannon       |       |       |       |       |       |       |       |       |   556 ||   556
   Cast: Slow              |       |     2 |       |       |       |     5 |       |       |     2 ||     9
         Ozocubu's Armour  |       |       |       |       |       |       |       |    16 |       ||    16
         Ozocubu's Refrige |       |       |       |       |       |       |       |    18 |    88 ||   106
         Polar Vortex      |       |       |       |       |       |       |       |       |    88 ||    88
         Blink             |       |       |       |       |       |       |       |       |    12 ||    12
 Invoke: Slouch            |       |       |       |       |     1 |    14 |     5 |     7 |     5 ||    32
         Bend Time         |       |       |       |       |       |       |       |       |     1 ||     1
Ability: Hop               |     1 |     8 |     6 |    13 |    17 |    37 |    25 |    15 |    32 ||   154
  Evoke: Lightning rod     |       |       |       |       |       |       |     1 |       |       ||     1
         Wand              |       |       |       |       |       |       |       |       |     4 ||     4
         Phantom mirror    |       |       |       |       |       |       |       |       |     1 ||     1
    Use: Scroll            |     6 |     2 |     9 |     7 |     6 |     5 |     6 |     1 |    10 ||    52
         Potion            |       |     4 |     1 |     1 |       |     7 |     3 |     2 |    22 ||    40
 Armour: Leather armour    |    21 |   100 |       |       |       |       |       |       |       ||   121
         Scale mail        |       |    13 |    47 |   122 |    85 |   192 |   120 |    64 |     9 ||   652
         Skin              |       |       |       |       |       |       |       |     1 |       ||     1
         Quicksilver drago |       |       |       |       |       |       |       |       |   279 ||   279
         Ring mail         |       |       |       |       |       |       |       |       |    41 ||    41
  Dodge: Dodged            |    19 |   114 |    41 |   117 |   194 |   529 |   317 |   194 |   977 ||  2502
  Block: Buckler           |       |       |       |       |       |       |       |       |   113 ||   113
         Reflection        |       |       |       |       |       |       |       |       |    11 ||    11

Table legend: (Time is in decaauts)
 A = Elapsed time spent in this place.
 B = Non-inter-level travel time spent in this place.
 C = Inter-level travel time spent in this place.
 D = Time resting spent in this place.
 E = Time spent auto-exploring this place.
 F = Levels seen in this place.
 G = Mean time per level.
                   A        B        C        D        E       F      G
               +--------+--------+--------+--------+--------+-----+--------+
         Total | 125555 | 106582 |  18973 |  10353 |  80958 |  73 | 1719.9 |
       Dungeon |  21257 |  17596 |   3661 |   1319 |  13772 |  15 | 1417.1 |
        Temple |     66 |     12 |     54 |      0 |      0 |   1 |   66.0 |
          Lair |  10013 |   7610 |   2403 |     94 |   6659 |   5 | 2002.6 |
        Shoals |   8953 |   7440 |   1513 |    645 |   5376 |   4 | 2238.2 |
     Snake Pit |   6977 |   6097 |    880 |    118 |   5041 |   4 | 1744.2 |
    Slime Pits |   6160 |   5730 |    430 |    385 |   4868 |   5 | 1232.0 |
  Orcish Mines |   4635 |   3670 |    965 |    691 |   2520 |   2 | 2317.5 |
   Elven Halls |   7388 |   6265 |   1123 |    376 |   5007 |   3 | 2462.7 |
        Vaults |  15495 |  13016 |   2479 |   2210 |   9358 |   5 | 3099.0 |
         Crypt |   6442 |   6180 |    262 |    899 |   4466 |   3 | 2147.3 |
        Depths |  10755 |   7822 |   2933 |    984 |   5986 |   4 | 2688.8 |
          Hell |   1630 |   1376 |    254 |    331 |    781 |   1 | 1630.0 |
       Gehenna |   7411 |   6765 |    646 |   1304 |   4649 |   7 | 1058.7 |
      Tartarus |   2129 |   1934 |    195 |    116 |   1501 |   4 |  532.2 |
           Zot |   8689 |   7520 |   1169 |    535 |   6432 |   4 | 2172.2 |
         Abyss |   6300 |   6300 |      0 |    305 |   3745 |   4 | 1575.0 |
        Bazaar |    319 |    319 |      0 |      0 |    235 |   1 |  319.0 |
      Ice Cave |    928 |    928 |      0 |     35 |    553 |   1 |  928.0 |
               +--------+--------+--------+--------+--------+-----+--------+

Top non-repeatable levels by time:
 Abyss:3: 3880 daAuts
Depths:1: 3733 daAuts
Vaults:2: 3694 daAuts
Vaults:5: 3664 daAuts
Depths:4: 3653 daAuts
   Geh:7: 3376 daAuts
Vaults:1: 3185 daAuts
   Elf:3: 3090 daAuts
   Zot:3: 3076 daAuts
Depths:2: 2900 daAuts
    D:14: 2839 daAuts
  Lair:3: 2836 daAuts
   Orc:2: 2834 daAuts
   Zot:2: 2778 daAuts
Shoals:3: 2765 daAuts
